 Dungeon Crawl Stone Soup version 0.18-a0-1300-g6e8322c (webtiles) character file.

38 Oddball22 the Insei (level 3, 0/20 HPs)
             Began as a Vine Stalker Monk on Feb 12, 2016.
             Slain by a hobgoblin
             ... wielding a +0 club
              (4 damage)
             ... on level 2 of the Dungeon.
             The game lasted 00:01:56 (631 turns).

Oddball22 the Insei (Vine Stalker Monk)              Turns: 631, Time: 00:01:56

Health: 0/20       AC: -1    Str: 13    XL:     3   Next: 43%
Magic:  0/4        EV: 13    Int: 10    God:
Gold:   52         SH:  0    Dex: 17    Spells: 0 memorised, 2 levels left

rFire  . . .     SeeInvis .       - Unarmed
rCold  . . .     Gourm    .     a - +0 robe
rNeg   . . .     Faith    .     (no shield)
rPois  .         Spirit   +     (no helmet)
rElec  .         Dismiss  .     (no cloak)
rCorr  .         Reflect  .     (no gloves)
SustAt .         Harm     .     (no boots)
MR     .....                    (no amulet)
Stlth  +.........               o - -3 ring of protection (curse)
                                n - ring of loudness (curse)

@: lethally poisoned (0 -> -1), not resistant to hostile enchantments, very
unstealthy
A: fangs 2, regeneration 1, magic shield, antimagic bite, no device heal 3, rot
immunity
a: no special abilities


You were on level 2 of the Dungeon.
You were not hungry.

You visited 1 branch of the dungeon, and saw 2 of its levels.

You collected 52 gold pieces.

Inventory:

Armour
 a - a +0 robe (worn)
Jewellery
 n - a cursed ring of loudness (left hand)
 o - a cursed -3 ring of protection (right hand)
Scrolls
 d - 2 scrolls of identify
 h - 2 scrolls of fog
Potions
 c - 2 potions of invisibility {unknown}
 e - a potion of heal wounds {unknown}
 g - a potion of might {unknown}
 i - a potion of cancellation {unknown}
 j - a potion of brilliance {unknown}
 k - a potion of haste {unknown}
Comestibles
 b - a bread ration
 f - 5 chunks of flesh
 l - a beef jerky
 m - 2 meat rations


   Skills:
 + Level 3.1 Fighting
 + Level 2.8 Dodging
 - Level 2.4 Stealth
 * Level 4.5 Unarmed Combat


You had 2 spell levels left.
You didn't know any spells.

Dungeon Overview and Level Annotations

Branches:
Dungeon (2/15)

Altars:
Xom


Innate Abilities, Weirdness & Mutations

You have extremely sharp teeth.
Your natural rate of healing is unusually fast.
When hurt, damage is shared between your health and your magic reserves.
Your bite disrupts and absorbs the magic of your enemies.
Potions and wands cannot restore your health.
You are immune to rotting.


Message History

The adder is almost dead.
You feel sick. The hobgoblin misses you. The adder bites you.
* * * LOW HITPOINT WARNING * * *
You are too injured to fight recklessly!
You are too injured to fight recklessly!
You are too injured to fight recklessly!
You are too injured to fight recklessly!
You are too injured to fight recklessly!
You closely miss the adder.
The adder is almost dead.
The hobgoblin closely misses you. The adder bites you.
* * * LOW HITPOINT WARNING * * *
You closely miss the adder. You bite the adder. You drain its power.
You feel invigorated.
You kill the adder!
The hobgoblin barely misses you.
You hit the hobgoblin.
The hobgoblin is lightly wounded.
The hobgoblin hits you with a club.
You die...

.#.#.........#............<#
##.#..#.#.#..#.............#
##.#..#...#..+.............#
........#.#.##.............#
.#.#....#.#.##...###########
............##...#
...#...#######...# ......##
#...# .###.## #..@# .# #.#
#.g†####### .# #.#
#.......$.# .. #.........#
###.......# #.......#
#.......# #.......#
#.......#


You could see a hobgoblin.

Vanquished Creatures
  An adder (D:2)
  A giant gecko (D:1)
  3 giant cockroaches
  3 goblins (D:1)
  3 hobgoblins (D:1)
  A quokka (D:2)
  7 bats
  A giant newt (D:1)
  4 kobolds
  A rat (D:1)
25 creatures vanquished.

Notes
Turn   | Place    | Note
--------------------------------------------------------------
     0 | D:1      | Oddball22 the Vine Stalker Monk began the quest for the Orb.
     0 | D:1      | Reached XP level 1. HP: 11/11 MP: 2/2
    78 | D:1      | Reached XP level 2. HP: 4/16 MP: 1/3
   381 | D:1      | Reached XP level 3. HP: 20/20 MP: 4/4
   562 | D:2      | Found a shimmering altar of Xom.
   631 | D:2      | Slain by a hobgoblin

Vault maps used:
D:1:      mushboom_english_gardens, serial_bayou_pond_d,
          minmay_stone_trees_large
D:2:      overflow_temple_1_default, marbit_many_paths, xom_redecorated

Action                   || total
-------------------------++-------
Melee: Unarmed           ||    81
  Use: Scroll            ||     2
 Stab: Sleeping          ||     2
